Map: Dusk Towers

Players

LiquidTLO (TLO)

  • Race: Zerg Zerg
  • League: Grandmaster

TOP - Winner!

  • Race: Terran Terran

Event: Homestory Cup XII

VOD

Have the link to the VOD?

Description

Time

  • Played on: Dec. 17, 2015, 2:09 p.m.
  • Length: 13:59

All games in this series

Show
View Real Time Build Order
Export as new Build Order

LiquidTLO Zerg 

Build Orders: Hatch First 

Get SALT Encoding   

  12  0:01  Drone  
  13  0:12  Overlord  
  13  0:18  Drone  
  14  0:30  Drone x2  
  14  0:35  Drone  
  17  0:53  Hatchery  
  17  0:55  Drone  
  17  1:05  Extractor  
  17  1:10  Spawning Pool  
  15  1:13  Drone  
  15  1:16  Drone  
  17  1:20  Drone  
  18  1:29  Drone  
  19  1:38  Overlord  
  19  1:56  Queen  
  19  1:58  Zergling x2  
  19  2:00  Zergling x2  
  23  2:04  Metabolic Boost  
  23  2:06  Queen  
  25  2:11  Drone  
  25  2:12  Drone  
  27  2:16  Drone  
  27  2:22  Drone  
  29  2:30  Drone  
  29  2:32  Queen  
  29  2:36  Drone  
  33  2:39  Overlord  
  33  2:45  Drone  
  33  2:50  Overlord  
  34  2:58  Overlord  
  34  3:00  Zergling x2  
  35  3:11  Drone x5  
  40  3:14  Overlord  
  40  3:19  Drone x2  
  42  3:23  Lair  
  42  3:25  Drone  
  43  3:29  Drone  
  43  3:32  Drone  
  43  3:33  Drone  
  46  3:35  Extractor  
  45  3:41  Extractor  
  45  3:42  Drone x3  
  45  3:45  Drone x2  
  45  3:48  Drone x2  
  50  3:52  Extractor  
  50  3:54  Drone  
  51  3:58  Drone x2, Roach Warren  
  52  4:05  Drone  
  53  4:15  Overlord x2  
  53  4:24  Drone, Nydus Network, Overlord  
  52  4:32  Zergling x4  
  52  4:33  Drone  
  52  4:36  Hatchery  
  56  4:38  Roach  
  56  4:39  Roach  
  57  4:46  Roach  
  57  4:47  Overlord  
  57  4:49  Overlord  
  59  4:53  Queen  
  61  5:01  Nydus Canal  
  61  5:03  Roach x2  
  61  5:05  Ravager  
  61  5:06  Roach  
  68  5:09  Ravager  
  68  5:10  Ravager  
  68  5:11  Roach  
  72  5:15  Roach x2  
  72  5:17  Roach  
  78  5:23  Roach x2  
  78  5:26  Roach  
  84  5:30  Drone  
  84  5:34  Drone  
  87  5:35  Drone  
  87  5:36  Drone  
  87  5:40  Nydus Canal  
  87  5:43  Drone x2  
  87  5:44  Evolution Chamber x2  
  87  5:45  Drone  
  87  5:46  Drone  
  87  5:48  Overseer  
  89  5:51  Drone x2  
  89  5:56  Drone x2  
  93  5:58  Ravager x3  
  93  6:01  Ravager x2  
  98  6:09  Drone  
  98  6:11  Drone  
  98  6:12  Overlord  
  98  6:13  Drone  
  98  6:14  Zerg Ground Armor Level 1  
  98  6:17  Drone, Extractor x2  
  98  6:18  Drone  
  100  6:19  Drone  
  100  6:22  Drone x2  
  100  6:23  Drone  
  100  6:24  Drone  
  100  6:25  Drone  
  100  6:31  Drone x2  
  103  6:33  Overlord  
  103  6:39  Roach  
  106  6:40  Roach  
  106  6:47  Overlord  
  106  6:48  Overlord  
  106  6:52  Overlord  
  106  6:53  Roach  
  108  6:54  Roach  
  108  6:55  Roach  
  110  7:01  Overlord  
  110  7:07  Roach  
  110  7:08  Roach x2  
  104  7:09  Roach  
  104  7:13  Zerg Missile Weapons Level 1  
  104  7:15  Roach  
  107  7:18  Drone  
  107  7:19  Glial Reconstitution  
  107  7:21  Drone x2  
  107  7:22  Infestation Pit, Roach  
  111  7:26  Roach  
  111  7:27  Drone x3  
  111  7:29  Burrow  
  116  7:34  Roach  
  116  7:36  Roach  
  120  7:39  Roach  
  120  7:41  Pneumatized Carapace  
  122  7:48  Roach  
  122  7:50  Ravager x6  
  130  7:52  Roach x3  
  130  7:53  Roach  
  130  7:55  Roach  
  140  8:03  Roach  
  142  8:06  Overlord  
  142  8:08  Overlord  
  142  8:11  Pathogen Glands  
  142  8:14  Hatchery  
  142  8:19  Zerg Ground Armor Level 2  
  141  8:21  Drone x2  
  141  8:22  Drone x2  
  141  8:24  Overlord  
  141  8:26  Overlord  
  145  8:33  Overlord x3  
  145  8:35  Roach  
  145  8:39  Overlord  
  145  8:40  Roach  
  149  8:46  Overlord, Infestor x2  
  153  8:49  Roach  
  153  8:51  Roach  
  153  8:53  Overlord, Roach x2  
  153  8:55  Infestor  
  157  9:01  Roach  
  161  9:06  Hive  
  161  9:08  Drone  
  161  9:09  Evolution Chamber  
  161  9:17  Roach x2  
  164  9:19  Overlord  
  164  9:21  Roach  
  164  9:22  Overlord  
  166  9:27  Infestor x2  
  169  9:31  Roach  
  171  9:41  Spine Crawler, Roach x4  
  171  9:42  Spine Crawler  
  171  9:45  Drone x2  
  179  9:47  Extractor  
  179  9:48  Extractor  
  179  9:49  Spore Crawler  
  179  9:51  Zerg Missile Weapons Level 2  
  176  9:53  Spore Crawler  
  176  9:54  Drone x3, Infestor  
  176  9:55  Drone  
  176  9:56  Zergling x2  
  180  10:02  Zerg Melee Weapons Level 1  
  180  10:08  Zergling x2  
  180  10:10  Zergling x2  
  182  10:19  Zergling x8  
  182  10:20  Zergling x4  
  184  10:22  Zergling x2  
  184  10:26  Roach x2  
  184  10:27  Roach x3  
  184  10:28  Roach  
  170  10:37  Ultralisk Cavern  
  170  10:40  Roach x4  
  159  10:45  Drone x2, Ultralisk Cavern  
  138  10:54  Drone x3  
  142  11:01  Drone x3  
  142  11:03  Drone  
  146  11:06  Drone x3  
  146  11:07  Drone  
  146  11:08  Drone  
  150  11:15  Drone x2  
  152  11:23  Chitinous Plating  
  152  11:34  Queen  
  149  11:43  Hatchery  
  149  11:44  Queen  
  149  11:46  Ultralisk  
  149  11:58  Ultralisk  
  155  12:12  Ultralisk  
  150  12:24  Ultralisk  
  156  12:53  Ravager x2  
  156  12:54  Ravager  
  157  13:07  Zergling x2  
  157  13:08  Zergling x26  
  157  13:09  Zergling x2  
  157  13:12  Drone x2  
  172  13:19  Ultralisk  
Show
View Real Time Build Order
Export as new Build Order

TOP Terran - Winner!

Build Orders: Liberator Opening, Reaper Expand, Bio Tank 

Get SALT Encoding   

  12  0:01  SCV  
  13  0:13  SCV  
  14  0:18  Supply Depot  
  14  0:25  SCV  
  15  0:39  SCV  
  15  0:41  Barracks  
  16  0:43  Refinery  
  16  0:51  SCV  
  17  1:04  SCV  
  18  1:16  SCV  
  19  1:27  Reaper  
  19  1:28  Orbital Command  
  20  1:41  Command Center  
  20  1:49  Supply Depot  
  20  1:53  SCV  
  21  2:00  Barracks Reactor  
  21  2:05  SCV  
  22  2:22  Command Center  
  22  2:30  Factory  
  22  2:32  SCV  
  23  2:37  Marine x2  
  25  2:44  SCV  
  25  2:47  Refinery  
  26  2:53  Orbital Command  
  26  3:02  SCV  
  27  3:14  SCV  
  27  3:19  Starport  
  28  3:20  SCV  
  28  3:24  Barracks Tech Lab  
  28  3:25  Hellion  
  28  3:26  Hellion  
  33  3:27  SCV  
  34  3:36  Orbital Command  
  34  3:37  SCV  
  35  3:45  SCV  
  36  3:50  Liberator  
  36  3:53  Stimpack, Marine  
  36  3:54  SCV  
  37  3:59  SCV  
  39  4:02  SCV  
  39  4:06  SCV  
  43  4:11  SCV  
  43  4:15  SCV  
  45  4:18  Barracks  
  45  4:19  Barracks  
  45  4:20  Marine  
  45  4:22  Factory Tech Lab  
  46  4:25  SCV  
  46  4:26  SCV  
  46  4:29  Refinery x2  
  48  4:31  Supply Depot  
  48  4:33  Orbital Command  
  48  4:35  Liberator  
  48  4:38  SCV, Marine  
  49  4:39  SCV  
  49  4:41  Siege Tank  
  54  4:50  SCV  
  54  4:51  SCV  
  59  4:55  Supply Depot  
  59  4:59  SCV  
  60  5:02  SCV, Marine  
  60  5:03  Engineering Bay  
  60  5:04  SCV  
  63  5:08  Barracks Reactor  
  63  5:11  SCV  
  64  5:14  SCV  
  64  5:15  Barracks Reactor  
  64  5:20  Marine  
  66  5:24  SCV  
  66  5:26  Barracks  
  68  5:29  Siege Tank  
  69  5:37  Marine  
  69  5:41  SCV x2  
  71  5:44  Supply Depot  
  71  5:46  Supply Depot, Marine x2  
  71  5:47  Medivac  
  75  5:53  Barracks  
  75  5:54  Marine x2  
  77  5:59  Terran Infantry Weapons Level 1, Supply Depot  
  77  6:02  Engineering Bay  
  77  6:05  Marine x2  
  77  6:06  SCV x2, Siege Tank, Marine  
  77  6:08  Supply Depot  
  85  6:13  Marine x2  
  85  6:18  SCV x2  
  89  6:25  Marine x2  
  91  6:26  Marauder  
  91  6:27  Marine x2  
  91  6:30  SCV  
  91  6:31  Marine x2  
  90  6:42  Marine  
  90  6:43  Marine  
  90  6:45  Marine x2  
  94  6:48  Marine, Siege Tank, Marauder  
  94  6:49  Marine  
  101  7:00  Marine  
  103  7:02  Marine  
  103  7:09  Marine x3  
  103  7:13  Supply Depot, Terran Infantry Armor Level 1  
  103  7:14  Armory  
  104  7:15  Barracks Reactor  
  104  7:20  Siege Tank  
  105  7:25  SCV, Marine x2  
  105  7:27  Barracks Reactor  
  108  7:30  Supply Depot  
  108  7:34  Marine  
  108  7:35  Marauder, Medivac x2, Marine  
  116  7:41  Supply Depot  
  116  7:42  Orbital Command  
  116  7:43  Marine  
  117  7:44  Combat Shields  
  117  7:47  Supply Depot  
  117  7:51  Marine  
  117  7:52  Marine  
  117  7:53  Supply Depot  
  119  8:00  Marine x2  
  119  8:01  Marauder  
  122  8:05  SCV  
  122  8:06  SCV  
  122  8:09  SCV  
  122  8:11  Supply Depot  
  125  8:16  Marine  
  125  8:17  Marine x4  
  125  8:18  Siege Tank  
  125  8:19  Medivac x2  
  137  8:20  SCV x2  
  137  8:22  Supply Depot  
  137  8:25  Terran Infantry Weapons Level 2  
  139  8:28  Marine  
  139  8:29  Marine x2  
  139  8:30  Marine  
  139  8:32  SCV x2  
  145  8:34  Marine  
  145  8:37  Refinery x2, Marine x2  
  145  8:38  Marine x2  
  150  8:41  Supply Depot  
  150  8:46  SCV x2, Marine x2  
  154  8:51  Marine x2  
  154  8:52  Marine  
  154  8:53  Siege Tank, Medivac x2  
  154  8:55  Marine  
  165  9:06  Supply Depot x2  
  165  9:07  Terran Vehicle Weapons Level 1  
  165  9:08  Marine x5  
  170  9:12  Command Center  
  170  9:15  Marine  
  170  9:16  Marine x2  
  173  9:17  Marine  
  169  9:25  Siege Tank  
  169  9:26  Marine  
  169  9:27  Marine x4  
  177  9:32  Supply Depot x2  
  177  9:33  Marine  
  176  9:40  Marauder, Marine x2  
  176  9:45  SCV x3  
  183  9:49  Factory  
  183  9:51  Marine x6  
  189  9:57  Siege Tank  
  192  10:00  Marine x2  
  192  10:02  Missile Turret, Marauder  
  196  10:10  Medivac x2  
  200  10:19  Marine  
  187  10:22  Marine x4  
  187  10:23  Marauder, Liberator x2  
  187  10:27  Ghost Academy  
  186  10:29  Siege Tank  
  183  10:39  Marine x4  
  183  10:42  Marine  
  182  10:44  Marauder  
  182  10:47  Marine x2  
  182  10:50  Marine  
  179  10:57  Marine x3  
  179  11:01  Siege Tank  
  185  11:06  Starport, Marauder  
  177  11:17  Factory Tech Lab  
  177  11:23  Medivac x2  
  177  11:24  Ghost Academy, Barracks x2  
  181  11:26  Barracks  
  181  11:27  Marauder  
  183  11:36  Liberator x2  
  180  11:41  Siege Tank x2  
  180  11:42  Marine x8  
  180  11:44  Starport Reactor  
  189  11:49  Marauder  
  197  12:00  Marine x3  
  200  12:22  Ghost  
  196  12:23  Marine x4  
  196  12:24  Planetary Fortress  
  200  12:47  Missile Turret  
  200  12:49  Barracks Tech Lab x3  
  200  12:51  Missile Turret  
  200  12:52  Missile Turret  
  195  13:02  Marine  
  195  13:03  Marauder, Marine x2  
  179  13:11  Ghost x2  
  179  13:12  Command Center  
  179  13:13  Command Center, Ghost  
  181  13:25  Marauder  
  158  13:29  Marine  
  136  13:36  Marine  
Tags
 
Add a new tag
Caveats
  • Supply blocks, unpowered buildings, or Contaminate may cause inaccurate times.
  • Supply counts are checked every 10 seconds.